 Dungeon Crawl Stone Soup version 0.31-a0-246-g8cbcc1cb85 (webtiles) character file.

Game seed: 1223944758655369808

60 qw the Shooter (level 3, 0/29 HPs)
             Began as a Minotaur Hexslinger on July 12, 2023.
             Slain by a frilled lizard (2 damage)
             ... on level 2 of the Dungeon.
             The game lasted 00:00:30 (1047 turns).

qw the Shooter (Minotaur Hexslinger)                Turns: 1047, Time: 00:00:30

Health: 0/29       AC:  2    Str: 12    XL:     3   Next: 82%
Magic:  3/3        EV: 12    Int: 10    God:
Gold:   53         SH:  0    Dex: 14    Spells: 3/4 levels left

rFire   . . .        Y - +1 sling
rCold   . . .        (no shield)
rNeg    . . .        c - +0 robe
rPois   .            (helmet restricted)
rElec   .            (no cloak)
rCorr   .            (no gloves)
SInv    .            (no boots)
Will    .....        (no amulet)
Stlth   +            (no ring)
HPRegen 0.24/turn    (no ring)
MPRegen 0.08/turn

%: no passive effects
@: no status effects
A: horns 2, retaliatory headbutt
a: no special abilities


You were on level 2 of the Dungeon.
You visited 1 branch of the dungeon, and saw 2 of its levels.

You collected 53 gold pieces.


Innate Abilities, Weirdness & Mutations

You have a pair of horns on your head.
You reflexively headbutt those who attack you in melee.


   Skills:
 - Level 2.0 Fighting
 + Level 4.3 Ranged Weapons
 - Level 2.1 Dodging
 - Level 1.0 Spellcasting
 - Level 2.0 Hexes


You had 3 spell levels left.
You knew the following spells:

 Your Spells              Type           Power      Damage    Failure   Level
a - Slow                  Hex            16%        N/A       16%         1

Your spell library contained the following spells:

 Spells                   Type           Power      Damage    Failure   Level
 Inner Flame              Hex/Fire       2%         N/A       56%         3
 Portal Projectile        Hex/Tloc       4%         N/A       56%         3
 Cause Fear               Hex            2%         N/A       83%         4

Inventory:

Hand Weapons
 Y - a +1 sling (weapon)
Armour
 c - a +0 robe (worn)
Potions
 d - a potion of enlightenment {unknown}
 e - a potion of lignification {unknown}
 f - a potion of might {unknown}

Dungeon Overview and Level Annotations

Branches:
Dungeon (2/15)

Altars:
Wu Jian

Annotations:
D:2 Robin


Message History

A goblin comes into view. It is wielding a +0 club.
The goblin closely misses you.
Robin roars a battlecry!
The goblins go into a battle-frenzy!
The bat closely misses you.
You shoot a sling bullet. The sling bullet hits the goblin.
You kill the goblin!
The bat closely misses you. The bat completely misses you.
The frilled lizard bites you. The goblin barely misses you.
The goblin hits you but does no damage. The bat barely misses you.
You furiously retaliate!
You headbutt the bat!
You kill the bat!
The goblin unwields a +0 club.
The goblin wields a +0 sling.
The goblin shoots a sling bullet.
The sling bullet closely misses you. The goblin closely misses you.
The frilled lizard closely misses you.
You shoot a sling bullet.
The sling bullet completely misses the goblin.
The hobgoblin barely misses you. The frilled lizard bites you.
The goblin hits you with a +0 club. The goblin hits you but does no damage.
You shoot a sling bullet.
The sling bullet closely misses the goblin.
The goblin hits you with a +0 club.
The frilled lizard bites you but does no damage.
The goblin completely misses you.
You shoot a sling bullet. The sling bullet hits the goblin!
You kill the goblin!
The goblin closely misses you. The hobgoblin hits you.
The frilled lizard closely misses you.
You shoot a sling bullet.
The sling bullet closely misses the giant cockroach.
The giant cockroach bites you. The goblin hits you with a +0 club.
The frilled lizard bites you. The hobgoblin hits you!
The giant cockroach barely misses you.
You shoot a sling bullet.
The sling bullet closely misses the giant cockroach.
The goblin completely misses you. You furiously retaliate!
You headbutt the goblin!
You kill the goblin!
The frilled lizard bites you.
You die...

.. ......##~..~~##~
........##....~##+++##.~
.)............~).....~..
........# ##.###.#.#....
......$.# #. #.#......
.....).g# #.###.###....
....g.gg# #.#...# #.>..
.....g)g# #.#.#####..##
.....gl@# #<#.# ##..##
......B)## #.#.###...#
.........# #.#...#..####
.........# #........##..
.........###........)...
.........##......#######
........................
.%.......###.#...#######
.........# #######


You could see Robin, a giant cockroach, 4 hobgoblins, 2 goblins and a frilled
lizard.

Vanquished Creatures
  A worm (D:2)
  2 dart slugs (D:1)
  3 ball pythons
  6 bats
  4 endoplasms
  4 giant cockroaches
  9 goblins
  4 hobgoblins
  4 jackals (D:1)
  5 kobolds
  2 rats (D:1)
  A spectral kobold (D:2)
45 creatures vanquished.

Notes
Turn   | Place    | Note
-------+----------+-------------------------------------------
     0 | D:1      | qw the Minotaur Hexslinger began the quest for the Orb.
     0 | D:1      | Reached XP level 1. HP: 16/16 MP: 1/1
     0 | D:1      | 0 ||| qw: Version: 0.3-a-52-g30416fa
     0 | D:1      | 0 ||| qw: Game counter: 6565
     0 | D:1      | 0 ||| qw: Melee chars always use a shield: true
     0 | D:1      | 0 ||| qw: God list: Okawaru
     0 | D:1      | 0 ||| qw: Allow faded altars: false
     0 | D:1      | 0 ||| qw: Do Orc after clearing Dungeon:15 true
     0 | D:1      | 0 ||| qw: Do second Lair branch before Depths: true
     0 | D:1      | 0 ||| qw: Lair rune preference: random
     0 | D:1      | 0 ||| qw: Goals: Normal
     0 | D:1      | 0 ||| PLANNING D:1-11
   120 | D:1      | Reached skill level 3 in Ranged Weapons
   120 | D:1      | Reached XP level 2. HP: 23/23 MP: 2/2
   653 | D:1      | Reached XP level 3. HP: 28/29 MP: 3/3
   708 | D:1      | 708 ||| READING scroll labelled HYTAIL PA AHESE.
   709 | D:1      | 709 ||| READING scroll labelled NYIFRI LOIFI.
   710 | D:1      | 710 ||| READING scroll labelled CAGHYA KIDOPHOMP.
   711 | D:1      | 711 ||| READING scroll labelled MIVVAS FIUWK.
   712 | D:1      | 712 ||| READING scroll labelled XOELOA MOIMAESH.
   715 | D:1      | 715 ||| DROPPING scroll of poison.
   745 | D:2      | Found a faded altar of an unknown god.
   763 | D:2      | Found an ornate altar of the Wu Jian Council.
   857 | D:2      | Reached skill level 4 in Ranged Weapons
  1037 | D:2      | Identified the +0 helmet of the Midnight Sun {rN+ Int-5
                  | Dex+7}
  1037 | D:2      | Noticed Robin
  1046 | D:2      | HP: 1/29 [hobgoblin[Robin] (7)]
  1047 | D:2      | Slain by a frilled lizard

Levels and vault maps discovered:
D:1:      nzn_arrival_settlement, layout_basic
D:2:      layout_rooms, dreamdust_ecumenical_altar_drowned_temple, basic_altar,
          uniq_robin

Skill      XL: |  1  2  3 |
---------------+----------+-----
Ranged Weapons | 3 4 |  4.3
Fighting       | 2 |  2.0
Dodging        | |  2.1
Spellcasting   | |  1.0
Hexes          | |  2.0

Action                     || total
---------------------------++-------
   Fire: Sling             ||   111
    Use: Scroll            ||     5
 Armour: Robe              ||    18
  Dodge: Dodged            ||    49

Table legend:
 A = Non-vault XP
 B = Vault XP
 C = Vault XP percentage of total XP
 D = Non-vault monster count
 E = Vault monster count
 F = Vault count percentage of total count
                 A         B        C        D         E       F
            +---------+---------+-------+---------+---------+-------
      Total |      80 |       9 |  10.1 |      40 |       5 |  11.1
            +---------+---------+-------+---------+---------+-------
        D:1 |      44 |       0 |   0.0 |      22 |       0 |   0.0
        D:2 |      36 |       9 |  20.0 |      18 |       5 |  21.7
            +---------+---------+-------+---------+---------+-------
